 Dungeon Crawl Stone Soup version 0.25-b1-23-ge2ad7d536c (webtiles) character file.

Game seed: 7952850267241463810, levelgen mode: deterministic

20 lepoulpe303 the Vexing (level 3, -2/20 HPs)
             Began as a Kobold Arcane Marksman on May 28, 2020.
             Slain by a jackal (3 damage)
             ... on level 1 of the Dungeon.
             The game lasted 00:02:40 (403 turns).

lepoulpe303 the Vexing (Kobold Arcane Marksman)      Turns: 403, Time: 00:02:41

Health: -2/20      AC:  2    Str:  8    XL:     3   Next: 0%
Magic:  1/4        EV: 15    Int: 14    God:
Gold:   37         SH:  0    Dex: 15    Spells: 1/4 levels left

rFire    . . .     SeeInvis .   a - +0 dagger
rCold    . . .     Gourm    .   (shield restricted)
rNeg     . . .     Faith    .   f - +0 robe
rPois    .         Spirit   .   (no helmet)
rElec    .         Reflect  .   (no cloak)
rCorr    .         Harm     .   (no gloves)
MR       .....                  (no boots)
Stlth    +.........             (no amulet)
HPRegen  0.06/turn              (no ring)
MPRegen  0.09/turn              (no ring)

@: no status effects
A: small, carnivore
a: no special abilities


You were on level 1 of the Dungeon.
You were full.

You visited 1 branch of the dungeon, and saw 1 of its levels.

You collected 37 gold pieces.

Inventory:

Hand Weapons
 a - a +0 dagger (weapon)
 b - a +0 hand crossbow
Missiles
 Q - 19 bolts
Armour
 f - a +0 robe (worn)
Scrolls
 c - a scroll of teleportation {unknown}
 d - a scroll of identify {unknown}
Potions
 g - a potion of ambrosia {unknown}
 h - a potion of heal wounds {unknown}
Comestibles
 e - 2 rations


   Skills:
 + Level 1.5 Fighting
 * Level 2.9 Crossbows
 + Level 2.7 Dodging
 + Level 1.3 Spellcasting
 * Level 3.2 Hexes


You had one spell level left.
You knew the following spells:

 Your Spells              Type           Power        Failure   Level  Hunger
s - Slow                  Hex            ##......     10%         2    ###....
v - Corona                Hex            ##.....      7%          1    ##.....

Your spell library contained the following spells:

 Spells                   Type           Power        Failure   Level  Hunger
 Inner Flame              Hex/Fire       #.......     36%         3    ####...
 Portal Projectile        Hex/Tloc       #.....       36%         3    ####...
 Cause Fear               Hex            ##........   54%         4    #####..
 Leda's Liquefaction      Hex/Erth       #.........   78%         4    #####..


Dungeon Overview and Level Annotations

Branches:
Dungeon (1/15)

Altars:


Innate Abilities, Weirdness & Mutations

You are small and have problems with some larger weapons.
You are carnivorous and can eat meat at any time.


Message History

The jackal closely misses you.
The jackal bites you but does no damage.
The jackal misses you. The jackal barely misses you.
The jackal closely misses you.
Things that are here:
a +0 dagger; a jackal corpse x2
The jackal bites you.
* * * LOW HITPOINT WARNING * * *
You take 2 damage, and have 1/20 hp.
Aim: a jackal (chance to defeat MR: 63%)
The jackal resists with significant effort.
The jackal barely misses you.
You now have 1/4 mp.
There is a stone staircase leading down here.
You don't have enough magic to cast that spell.
The jackal completely misses you. The jackal closely misses you.
The jackal bites you.
You die...

#.# # #.#####.### #.# ..
........... #.#
.#########.### ... .....#
#.# # #.. .....# #.# # #.###
.....# #)# #
####.#.####.....# #.# #
#.##.....#h@.......# #.###
#.........###.##..######....
####......##>..#.......(..#.
.................########.#.
..........##...### #.#.
####.............########.#.
#.####................>.. #.
#####.######.######. #. ...#
#.######.


You could see a jackal.

Levels and vault maps discovered:
D:1:      psy_arrival_dodecagon, layout_loops_ring

Notes
Turn   | Place    | Note
-------+----------+-------------------------------------------
     0 | D:1      | lepoulpe303 the Kobold Arcane Marksman began the quest for
                  | the Orb.
     0 | D:1      | Reached XP level 1. HP: 12/12 MP: 2/2
   158 | D:1      | Reached XP level 2. HP: 16/16 MP: 0/3
   162 | D:1      | Learned a level 2 spell: Slow
   207 | D:1      | Identified a +0 dagger
   301 | D:1      | Identified a +0 dagger
   351 | D:1      | HP: 4/16 [jackal (1)]
   360 | D:1      | HP: 3/16 [jackal (1)]
   368 | D:1      | HP: 3/16 [jackal (1)]
   371 | D:1      | HP: 1/16 [jackal (1)]
   372 | D:1      | Reached XP level 3. HP: 1/20 MP: 0/4
   395 | D:1      | HP: 1/20 [jackal (2)]
   403 | D:1      | Slain by a jackal

Table legend:
 A = Turns spent in this place as a percentage of turns spent in the entire game.
 B = Non-inter-level travel turns spent in this place as a percentage of non-inter-level travel turns spent in the entire game.
 C = Inter-level travel turns spent in this place as a percentage of turns spent in this place.
 D = Turns resting spent in this place as a percentage of non-inter-level travel turns spent in this place.
 E = Turns spent auto-exploring this place as a percentage of non-inter-level travel turns spent in this place.
 F = Non-inter-level travel turns spent in this place divided by the number of levels of this place that you've seen.
                   A       B       C       D       E      F
               +-------+-------+-------+-------+-------+----------------------
         Total | 100.0 | 100.0 |   0.0 |  13.6 |  43.2 | 403.0
       Dungeon | 100.0 | 100.0 |   0.0 |  13.6 |  43.2 | 403.0
               +-------+-------+-------+-------+-------+----------------------

Table legend:
 A = Kills in this place as a percentage of kills in entire the game.
 B = Kills by you in this place as a percentage of kills by you in the entire game.
 C = Kills by friends in this place as a percentage of kills by friends in the entire game.
 D = Other kills in this place as a percentage of other kills in the entire game.
 E = Experience gained in this place as a percentage of experience gained in the entire game.
 F = Experience gained in this place divided by the number of levels of this place that you have seen.
                   A       B       C       D       E      F
               +-------+-------+-------+-------+-------+----------------------
         Total | 100.0 | 100.0 |   N/A |   N/A | 100.0 |  29.0
       Dungeon | 100.0 | 100.0 |   N/A |   N/A | 100.0 |  29.0
               +-------+-------+-------+-------+-------+----------------------

Action                   || total
-------------------------++-------
Melee: Dagger            ||    64
 Fire: Hand crossbow     ||    14
 Cast: Corona            ||    12
       Slow              ||     1
  Eat: Chunk             ||     3
Armor: Robe              ||    13
Dodge: Dodged            ||    72

Vanquished Creatures
  An ooze (D:1)
  A dart slug (D:1)
  A leopard gecko (D:1)
  2 goblins (D:1)
  3 jackals (D:1)
  2 frilled lizards (D:1)
  2 kobolds (D:1)
12 creatures vanquished.
